 Dungeon Crawl Stone Soup version 0.20.1-1-g8b1a95d66d (webtiles) character file.

170 Popi the Slasher (level 5, -5/41 HPs)
             Began as a Human Fighter on Dec 18, 2017.
             Was an Initiate of the Shining One.
             Slain by Crazy Yiuf
             ... wielding a +3 quarterstaff of chaos
              (12 damage)
             ... on level 2 of the Dungeon.
             The game lasted 00:03:39 (2796 turns).

Popi the Slasher (Human Fighter)                    Turns: 2796, Time: 00:03:41

Health: -5/41      AC:  7    Str: 15 (18) XL:     5   Next: 80%
Magic:  5/5        EV:  9    Int:  5 (8)  God:    the Shining One [......]
Gold:   84         SH:  0    Dex:  9 (12) Spells: 4/4 levels left

rFire    . . .     SeeInvis .   a - +0 long sword
rCold    . . .     Gourm    .   (no shield)
rNeg     + . .     Faith    .   b - +0 scale mail
rPois    .         Spirit   .   (no helmet)
rElec    .         Reflect  .   (no cloak)
rCorr    .         Harm     .   (no gloves)
MR       .....                  (no boots)
Stlth    ..........             (no amulet)
Regen    0.2/turn               (no ring)
MPRegen  0.1/turn               q - ring of positive energy

@: lethally poisoned (-5 -> -12), flying, glowing, drained
A: no striking features
a: Renounce Religion


You were on level 2 of the Dungeon.
You worshipped the Shining One.
The Shining One was noncommittal.
You were not hungry.

You visited 1 branch of the dungeon, and saw 2 of its levels.

You collected 84 gold pieces.

Inventory:

Hand Weapons
 a - a +0 long sword (weapon)
Armour
 b - a +0 scale mail (worn)
 c - a +0 shield
Jewellery
 l - an uncursed ring of fire
 q - a ring of positive energy (right hand)
Scrolls
 e - 2 scrolls of identify {unknown}
 i - a scroll of blinking {unknown}
 n - a scroll of fear {unknown}
 s - a scroll of fog {unknown}
 u - a scroll of teleportation {unknown}
 v - a scroll of noise {unknown}
Potions
 d - a potion of might
 k - a potion of curing {unknown}
 p - 3 potions of brilliance {unknown}
 r - a potion of resistance {unknown}
 t - a potion of ambrosia {unknown}
Comestibles
 f - 3 bread rations
 h - a royal jelly
 m - 2 meat rations
 o - 4 fruits


   Skills:
 + Level 3.5(3.4) Fighting
 * Level 4.3(4.2) Long Blades
 + Level 4.0(3.9) Armour
 - Level 3.0(2.8) Shields


You had 4 spell levels left.
You didn't know any spells.

Dungeon Overview and Level Annotations

Branches:
Dungeon (2/15)

Altars:
Makhleb
The Shining One

Annotations:
D:2 Crazy Yiuf


Message History

You partially resist.
You feel drained.
You closely miss Crazy Yiuf.
Crazy Yiuf is lightly wounded.
You feel sick.
Crazy Yiuf flaps his cloak.
Crazy Yiuf hits you with a quarterstaff of chaos!
* * * LOW HITPOINT WARNING * * *
Crazy Yiuf barely misses you.
It was a potion of degeneration.
There was something very wrong with that liquid.
You feel weakened.
You feel dopey.
You feel clumsy.
* * * LOW HITPOINT WARNING * * *
You feel sick.
It was a potion of flight.
You feel very buoyant.
You fly up into the air.
* * * LOW HITPOINT WARNING * * *
You feel sick.
Crazy Yiuf hits you with a quarterstaff of chaos!
You die...

...#..................###### ####
...#.....############......###...
..>#.....# ######.......
.........# #####.(. ###......#
##### #... #.#.#..# #..)# #...
#.#)##.### #...# #... #.#.##...#
#.g.# #... #....##### #@#
#########... ###...# ##.#
#......)..## ##..### #.##
#########... #....## ##.# #.#.
#########..# #.## ##.##
...........# ##.## #..##
.########### #.PP## ####.### .#
#P...# #....... .# #....#
##.###...


You could see Crazy Yiuf.

Vanquished Creatures
  A bullfrog (D:2)
  3 gnolls (D:1)
  2 adders (D:2)
  An ooze (D:1)
  A worm (D:2)
  2 leopard geckos
  4 bats
  4 giant cockroaches (D:2)
  10 goblins
  6 hobgoblins
  5 frilled lizards
  11 kobolds
  4 rats
54 creatures vanquished.

Notes
Turn   | Place    | Note
-------+----------+-------------------------------------------
     0 | D:1      | Popi the Human Fighter began the quest for the Orb.
     0 | D:1      | Reached XP level 1. HP: 18/18 MP: 1/1
   222 | D:1      | Reached XP level 2. HP: 4/24 MP: 2/2
   847 | D:1      | Reached XP level 3. HP: 26/29 MP: 3/3
  1120 | D:2      | Found a runed door.
  1675 | D:1      | Reached XP level 4. HP: 31/35 MP: 4/4
  1954 | D:2      | Found a glowing golden altar of the Shining One.
  1964 | D:2      | Reached XP level 5. HP: 40/41 MP: 5/5
  1965 | D:2      | Became a worshipper of the Shining One
  2262 | D:2      | Found a burning altar of Makhleb.
  2497 | D:2      | Noticed a bullfrog
  2509 | D:2      | Killed a bullfrog
  2789 | D:2      | Noticed Crazy Yiuf
  2796 | D:2      | Slain by Crazy Yiuf

Skill      XL: |  1  2  3  4  5 |
---------------+----------------+-----
Long Blades    | 3 4 |  4.3
Armour         | 4 |  4.0
Fighting       | |  3.5
Shields        | |  3.0

Action                   |  1- 3 |  4- 6 || total
-------------------------+-------+-------++-------
Melee: Long sword        |    91 |    90 ||   181
  Use: Potion            |       |     2 ||     2
  Eat: Chunk             |     1 |     5 ||     6
Armor: Scale mail        |    50 |    46 ||    96
Dodge: Dodged            |    63 |    58 ||   121
       Rpst.: Long sword |    13 |    19 ||    32
